 Dungeon Crawl Stone Soup version 0.20-a0-9-g62d82d9 (webtiles) character file.

466 nubinia the Conjurer (level 6, -1/51 HPs)
             Began as a Draconian Conjurer on Nov 1, 2016.
             Slain by a killer bee (6 damage)
             ... on level 3 of the Dungeon.
             The game lasted 00:27:50 (5956 turns).

nubinia the Conjurer (Draconian Conjurer)           Turns: 5956, Time: 00:27:51

Health: -1/51      AC:  6    Str: 10    XL:     6   Next: 81%
Magic:  11/11      EV: 13    Int: 18    God:
Gold:   210        SH:  0    Dex: 11    Spells: 3 memorised, 3 levels left

rFire  . . .     SeeInvis .     d - +0 dagger
rCold  + + .     Gourm    .     (armour unavailable)
rNeg   . . .     Faith    +     (no shield)
rPois  +         Spirit   .     (helmet restricted)
rElec  +         Reflect  .     (no cloak)
rCorr  +         Harm     .     (no gloves)
MR     .....                    (no boots)
Stlth  ++........               q - amulet of faith
                                u - ring of ice
                                f - ring of resist corrosion

@: lethally poisoned (-1 -> -3), resistant
A: unfitting armour, cold-blooded, AC +6
a: no special abilities


You were on level 3 of the Dungeon.
You were hungry.

You visited 1 branch of the dungeon, and saw 4 of its levels.

You collected 210 gold pieces.

Inventory:

Hand Weapons
 d - a +0 dagger (weapon)
Armour
 t - a +0 shield
Jewellery
 f - a ring of resist corrosion (left hand)
 q - an amulet of faith (around neck)
 u - a ring of ice (right hand)
Wands
 l - a wand of random effects (34/48)
 r - a wand of lightning (8/15)
Scrolls
 c - 7 scrolls of amnesia
 i - a scroll of remove curse
 m - 2 scrolls of blinking {unknown}
 n - a scroll of magic mapping {unknown}
 s - a scroll of enchant armour {unknown}
 v - a scroll of teleportation {unknown}
Potions
 g - a potion of mutation {unknown}
 j - 2 potions of brilliance
 k - 2 potions of magic
 p - a potion of flight
Books
 a - a book of Conjurations

   Spells                             Type                      Level
   a - Magic Dart                     Conjuration                  1
   b - Searing Ray                    Conjuration                  2
   c - Dazzling Spray                 Conjuration/Hexes            3
   d - Fulminant Prism                Conjuration/Hexes            4
   e - Iskenderun's Mystic Blast      Conjuration                  4
   f - Iskenderun's Battlesphere      Conjuration/Charms           5
Comestibles
 b - 2 bread rations
 h - 2 meat rations
 w - a royal jelly


   Skills:
 * Level 3.3 Fighting
 + Level 3.1 Dodging
 + Level 2.7 Stealth
 + Level 0.4 Shields
 + Level 3.3 Spellcasting
 + Level 5.7 Conjurations


You had 3 spell levels left.
You knew the following spells:

 Your Spells              Type           Power        Failure   Level  Hunger
a - Magic Dart            Conj           ###.         1%          1    None
b - Dazzling Spray        Conj/Hex       ##....       17%         3    ###....
c - Iskenderun's Mystic   Conj           ###.....     17%         4    ####...


Dungeon Overview and Level Annotations

Branches:
Dungeon (4/15)
 Temple: D:4-7

Altars:
Dithmenos
Makhleb
Uskayaw


Innate Abilities, Weirdness & Mutations

Your plain brown scales are hard. (AC +6)
You cannot fit into any form of body armour.
You are cold-blooded and may be slowed by cold attacks.


Message History

You climb upwards.
You feel sick.
There is a stone staircase leading down here.
You feel better.
The killer bee stings you but does no damage.
The killer bee stings you.
You are poisoned.
The killer bee poisons you!
You feel protected.
You feel sick. The killer bee closely misses you.
The killer bee stings you but does no damage.
You feel sick.
The killer bee stings you but does no damage.
The killer bee barely misses you.
You feel sick. The killer bee stings you.
* * * LOW HITPOINT WARNING * * *
The killer bee misses you. The killer bee stings you!
* * * LOW HITPOINT WARNING * * *
You feel sick. The killer bee stings you.
You die...

###..#...## #.# ##...#..### #.##
##..##...####... ##############
#.............. .............#
##.#...####....
#######...##.##### #.###.#.......
#8...8#.....###.#.....######
##...##.....................
#...##....@##.#).......#.#.
##...##....y##.##)..........
#8...8#.....##.##.>[.....#.. ##
####...###.......##.[.......>.
8###8##...# #..s....##........#..
..........# #....>...............
..........8##.........#.......#..
..........###.......#.#.......##)
8###8###8###........#............


You could see a scorpion and a killer bee.

Vanquished Creatures
  An orc priest (D:4)
  3 orc wizards
  Jessica (D:3)
  Ijyb (D:3)
  Natasha (thrice) (D:3)
  2 worker ants
  5 adders
  An ooze (D:2)
  2 adder skeletons (D:4)
  2 worms (D:3)
  8 dart slugs
  A leopard gecko (D:2)
  8 orcs
  6 giant cockroaches
  9 goblins
  10 hobgoblins
  8 jackals
  2 quokkas (D:3)
  A ball python (D:3)
  7 bats
  7 frilled lizards
  9 kobolds
  A quokka skeleton (D:4)
  6 rats
104 creatures vanquished.

Notes
Turn   | Place    | Note
-------+----------+-------------------------------------------
     0 | D:1      | nubinia the Draconian Conjurer began the quest for the Orb.
     0 | D:1      | Reached XP level 1. HP: 14/14 MP: 3/3
   337 | D:1      | Reached XP level 2. HP: 20/20 MP: 1/5
  1297 | D:2      | Reached XP level 3. HP: 27/27 MP: 3/6
  1330 | D:2      | Learned a level 3 spell: Dazzling Spray
  1721 | D:2      | Reached skill level 1 in Fighting
  2292 | D:3      | Reached XP level 4. HP: 32/35 MP: 3/7
  2497 | D:3      | Reached skill level 5 in Conjurations
  2729 | D:3      | Noticed Jessica
  2734 | D:3      | Killed Jessica
  3171 | D:3      | Reached XP level 5. HP: 41/41 MP: 2/8
  3274 | D:3      | Learned a level 4 spell: Iskenderun's Mystic Blast
  3367 | D:3      | Found a shadowy altar of Dithmenos.
  3368 | D:3      | Noticed Ijyb
  3483 | D:3      | Noticed Natasha
  3498 | D:3      | Killed Natasha
  3722 | D:3      | Killed Ijyb
  3730 | D:3      | Noticed an ogre
  3801 | D:3      | Noticed Natasha
  3815 | D:3      | Killed Natasha
  4700 | D:3      | Found a hide-covered altar of Uskayaw.
  4736 | D:3      | Reached XP level 6. HP: 43/50 MP: 3/10
  4744 | D:3      | Noticed Natasha
  4755 | D:3      | Killed Natasha
  5157 | D:4      | Found a burning altar of Makhleb.
  5956 | D:3      | Slain by a killer bee

Vault maps used:
D:1:      lemuel_arrival_behind_the_door_large, serial_forest,
          infiniplex_forest_lined_room_3, infiniplex_forest_pool,
          infiniplex_forest_straight_4, infiniplex_forest_split,
          infiniplex_forest_end_double, minmay_pentomino_p4
D:3:      kennysheep_slugbush, chequers_temple_overflow_statue_of_worship,
          serial_corexii_hall, corexii_hall_statues_s, corexii_hall_statues_l,
          minmay_misc_feat_more_columns, uniq_jessica, uniq_natasha, uniq_iyjb
D:4:      lemuel_crystal_altar, first_bread, kennysheep_minor_cross,
          uniq_sigmund

Skill      XL: |  1  2  3  4  5  6 |
---------------+-------------------+-----
Stealth        | 2 |  2.7
Dodging        | 2 3 |  3.1
Fighting       | 1 2 3 |  3.3
Conjurations   | 5 |  5.7
Spellcasting   | 3 |  3.3
Shields        | |  0.4

Action                   |  1- 3 |  4- 6 || total
-------------------------+-------+-------++-------
Melee: Dagger            |    97 |   160 ||   257
       Tailslap          |     3 |    15 ||    18
 Cast: Magic Dart        |    82 |   152 ||   234
       Dazzling Spray    |       |     9 ||     9
  Use: Scroll            |     1 |     5 ||     6
       Potion            |       |     4 ||     4
 Stab: Sleeping          |     1 |     1 ||     2
       Invisible         |       |     2 ||     2
  Eat: Chunk             |     6 |    11 ||    17
       Beef jerky        |       |     1 ||     1
Armor: Skin              |    35 |    58 ||    93
Dodge: Dodged            |    61 |   146 ||   207
Block: Shield            |     5 |       ||     5
